 Dungeon Crawl Stone Soup version 0.32-a0-172-gc5dd13f2a7 (webtiles) character file.

Game seed: 15422027244965460142

248 Pooter the Chiller (level 6, -4/44 HPs)
             Began as a Gnoll Wanderer on Feb 13, 2024.
             Succumbed to Crazy Yiuf's poison
             ... on level 3 of the Dungeon.
             The game lasted 00:26:42 (2906 turns).

Pooter the Chiller (Gnoll Wanderer)                 Turns: 2906, Time: 00:26:42

Health: -4/44      AC:  3    Str:  7    XL:     6   Next: 12%
Magic:  5/11       EV: 13    Int: 16    God:
Gold:   232        SH:  0    Dex: 13    Spells: 5/11 levels left

rFire   . . .        a - +0 trident (heavy)
rCold   . . .        (no shield)
rNeg    . . .        c - +0 robe
rPois   .            (no helmet)
rElec   .            d - +0 cloak
rCorr   .            (no gloves)
SInv    .            (no boots)
Will    .....        (no amulet)
Stlth   ++           (no ring)
HPRegen 0.27/turn    (no ring)
MPRegen 0.12/turn

%: no passive effects
@: lethally poisoned (-4 -> -30), freezing walls, hasted, very quick
A: fangs 1, strong nose, distributed training
a: no special abilities


You were on level 3 of the Dungeon.
You visited 1 branch of the dungeon, and saw 3 of its levels.

You collected 232 gold pieces.

Inventory:

Hand Weapons
 a - a +0 heavy trident (weapon)
   (You took it off an orc on level 3 of the Dungeon)
 f - a +0 short sword
   (You took it off a kobold on level 1 of the Dungeon)
 o - a +0 whip of electrocution
   (You took it off a kobold on level 2 of the Dungeon)
 p - the +0 whip "Foamn" {vamp, *Rage rN+ Str+3 Int+3}
   (You found it on level 2 of the Dungeon)

   Str+3:     It affects your strength (+3).
   Int+3:     It affects your intelligence (+3).
   rN+:       It protects you from negative energy.
   *Rage:     It berserks you when you make melee attacks (+20% chance).
 q - a +0 flail of holy wrath
   (You took it off an orc priest on level 3 of the Dungeon)
 r - a +0 dagger
Missiles
 Q - 16 stones (quivered)
Armour
 c - a +0 robe (worn)
 d - a +0 cloak (worn)
Magical Staves
 h - a staff of air
   (You found it on level 1 of the Dungeon)
Wands
 e - a wand of charming (11)
   (You took it off Ijyb on level 3 of the Dungeon)
Scrolls
 g - a scroll of revelation
 k - a scroll of amnesia {unknown}
 m - a scroll of vulnerability {unknown}
 n - a scroll of brand weapon
 t - a scroll of teleportation {@r4}
 u - a scroll of immolation {unknown}
 v - a scroll of identify {unknown}
 w - a scroll of fear {unknown}
Potions
 b - a potion of brilliance
 i - a potion of heal wounds {unknown}
 j - a potion of lignification {unknown}
 l - a potion of mutation {unknown}
 s - a potion of degeneration {unknown}


   Skills:
 + Level 1.9 Fighting
 + Level 1.9 Short Blades
 + Level 1.9 Long Blades
 + Level 1.9 Axes
 + Level 1.9 Maces & Flails
 + Level 1.9 Polearms
 + Level 1.9 Staves
 + Level 1.9 Ranged Weapons
 + Level 1.9 Throwing
 + Level 3.2 Armour
 + Level 4.9 Dodging
 + Level 3.0 Stealth
 + Level 1.9 Shields
 + Level 1.9 Unarmed Combat
 + Level 3.4 Spellcasting
 + Level 4.1 Conjurations
 + Level 1.5 Hexes
 + Level 1.5 Summonings
 + Level 1.5 Necromancy
 + Level 1.5 Translocations
 + Level 1.5 Fire Magic
 + Level 5.6 Ice Magic
 + Level 1.5 Air Magic
 + Level 1.5 Earth Magic
 + Level 1.5 Alchemy
 + Level 2.1 Invocations
 + Level 1.9 Evocations
 + Level 1.7 Shapeshifting


You had 5 spell levels left.
You knew the following spells:

 Your Spells              Type           Power      Damage    Failure   Level
a - Freeze                Ice            80%        1d9       1%          1
b - Ensorcelled Hibernat  Hex/Ice        28%        N/A       6%          2
c - Frozen Ramparts       Ice            40%        1d7       5%          3

Your spell library contained the following spells:

 Spells                   Type           Power      Damage    Failure   Level
 Shock                    Conj/Air       44%        1d5       6%          1
 Jinxbite                 Hex            14%        N/A       14%         2
 Dazzling Flash           Conj/Hex       22%        N/A       17%         3
 Leda's Liquefaction      Alch/Erth      3%         N/A       67%         4
 Petrify                  Alch/Erth      7%         N/A       67%         4
 Metabolic Englaciation   Hex/Ice        7%         N/A       75%         5
 Yara's Violent Unravell  Hex/Alch       3%         3d4       95%         5
 Enfeeble                 Hex            3%         N/A       100%        7


Dungeon Overview and Level Annotations

Branches:
Dungeon (3/15) Zot: 15061

Altars:
Xom


Innate Abilities, Weirdness & Mutations

You have very sharp teeth.
Your uncanny sense of smell can sniff out nearby items.
Your experience applies equally to all skills.


Message History

There is an open door here.
Crazy Yiuf shouts!
Crazy Yiuf cries, "Goldfish sizzlefizz poople!"
Press: ? - help, v - describe, . - travel The floor.
Unknown command.
You open the door.
Casting: Frozen Ramparts (dangerous; 5% risk of failure)
Confirm with . or Enter, or press ? or * to list all spells.
Casting: Frozen Ramparts (dangerous; 5% risk of failure)
Press: ? - help, Dir - look around, f - activate The walls around you are covered in ice.
The wall freezes Crazy Yiuf but does no damage.
Crazy Yiuf hits you with a +2 quarterstaff of chaos!
You are poisoned.
Casting: Frozen Ramparts (dangerous; 5% risk of failure)
Confirm with . or Enter, or press ? or * to list all spells.
Aiming: Freeze (safe; 1% risk of failure)
Press: ? - help, Shift-Dir - straight line, f - Crazy Yiuf
Aim: Crazy Yiuf, wielding a +2 quarterstaff of chaos and wearing a +2 cloak You freeze Crazy Yiuf.
You feel very sick.
The wall freezes Crazy Yiuf.
Crazy Yiuf hits you with a +2 quarterstaff of chaos!
* * * LOW HITPOINT WARNING * * *
You feel yourself speed up.
Casting: Freeze (safe; 1% risk of failure)
Confirm with . or Enter, or press ? or * to list all spells.
Aiming: Freeze (safe; 1% risk of failure)
Press: ? - help, Shift-Dir - straight line, f/p - Crazy Yiuf
Aim: Crazy Yiuf, wielding a +2 quarterstaff of chaos and wearing a +2 cloak (moderately wounded)
You freeze Crazy Yiuf!
You feel sick.
The wall freezes Crazy Yiuf but does no damage.
Crazy Yiuf hits you with a +2 quarterstaff of chaos!
* * * LOW HITPOINT WARNING * * *
You are more poisoned.
Unknown command.
Unknown command.
Casting: Freeze (safe; 1% risk of failure)
Confirm with . or Enter, or press ? or * to list all spells.
Aiming: Freeze (safe; 1% risk of failure)
Press: ? - help, Shift-Dir - straight line, f/p - Crazy Yiuf
Aim: Crazy Yiuf, wielding a +2 quarterstaff of chaos and wearing a +2 cloak (almost dead)
You freeze Crazy Yiuf.
* * * LOW HITPOINT WARNING * * *
You feel very sick.
Unknown command.
You hit Crazy Yiuf.
You kill Crazy Yiuf!
You die...

#..................# #.#.##.#.#.#
...#.##########.##.# #.#....#....
##.#.#......^......# #.######.#)#
.#.#.#.############# ####.....#.#
.........# #......># .#.#.#.#.#
#........ .#.#.#.#.# ###**
♣♣########'# .#.#+#.#.# #)..#♣♣
♣♣..#.#....). .......#.#
#...)@♣♣♣♣............ .......#.#
#...#♣..♣......#....[. .......#.#
###**♣♣♣.♣...###...... .......#.#
♣♣♣♣♣## ####.## .......#.#
#...... .......#.####### #####
###...... .#+#.#.#.......###...#
#........ .....#.#.............#
#........
.#.#.#.##....####....####.....###


There were no monsters in sight!

Vanquished Creatures
  An orc priest (D:3)
  A hound (D:2)
  Crazy Yiuf (D:3)
  Ijyb (D:3)
  An orc wizard (D:3)
  6 adders
  2 ribbon worms (D:3)
  3 dart slugs
  7 orcs (D:3)
  4 endoplasms
  2 giant cockroaches
  10 goblins
  5 hobgoblins
  6 kobolds
  2 quokkas (D:1)
  2 ball pythons (D:1)
  6 bats
  7 frilled lizards
  4 rats (D:1)
71 creatures vanquished.

Notes
Turn   | Place    | Note
-------+----------+-------------------------------------------
     0 | D:1      | Pooter the Gnoll Wanderer began the quest for the Orb.
     0 | D:1      | Pooter set off with the following items: a +0 dagger, a
                  | potion of brilliance, a +0 robe, a +0 cloak; and the
                  | following spells available to memorise: Freeze, Frozen
                  | Ramparts, Shock, Ensorcelled Hibernation, Dazzling Flash.
     0 | D:1      | Reached XP level 1. HP: 13/13 MP: 4/4
     2 | D:1      | Learned a level 1 spell: Freeze
   145 | D:1      | Reached XP level 2. HP: 19/19 MP: 3/5
   192 | D:1      | Learned a level 2 spell: Ensorcelled Hibernation
   879 | D:1      | Reached XP level 3. HP: 25/25 MP: 7/7
   927 | D:2      | Reached skill level 1 in Invocations
  1115 | D:2      | Learned a level 3 spell: Frozen Ramparts
  1176 | D:2      | Identified the +0 whip "Foamn" {vamp, *Rage rN+ Str+3
                  | Int+3}
  1288 | D:3      | Reached skill level 1 in Fighting
  1288 | D:3      | Reached skill level 1 in Short Blades
  1288 | D:3      | Reached skill level 1 in Long Blades
  1288 | D:3      | Reached skill level 1 in Axes
  1288 | D:3      | Reached skill level 1 in Maces & Flails
  1288 | D:3      | Reached skill level 1 in Polearms
  1288 | D:3      | Reached skill level 1 in Staves
  1288 | D:3      | Reached skill level 1 in Ranged Weapons
  1288 | D:3      | Reached skill level 1 in Throwing
  1288 | D:3      | Reached skill level 1 in Shields
  1288 | D:3      | Reached skill level 1 in Unarmed Combat
  1288 | D:3      | Reached skill level 1 in Evocations
  1292 | D:3      | Reached skill level 1 in Hexes
  1292 | D:3      | Reached skill level 1 in Summonings
  1292 | D:3      | Reached skill level 1 in Necromancy
  1292 | D:3      | Reached skill level 1 in Translocations
  1292 | D:3      | Reached skill level 1 in Fire Magic
  1292 | D:3      | Reached skill level 1 in Air Magic
  1292 | D:3      | Reached skill level 1 in Earth Magic
  1292 | D:3      | Reached skill level 1 in Alchemy
  1292 | D:3      | Reached skill level 1 in Shapeshifting
  1292 | D:3      | Reached XP level 4. HP: 23/32 MP: 0/8
  1415 | D:3      | Reached XP level 5. HP: 36/37 MP: 6/9
  1950 | D:3      | Noticed Ijyb
  1982 | D:3      | Killed Ijyb
  2075 | D:3      | Found a shimmering altar of Xom.
  2101 | D:3      | Reached XP level 6. HP: 44/44 MP: 7/11
  2692 | D:3      | Found a runed translucent door.
  2693 | D:3      | Noticed Crazy Yiuf
  2906 | D:3      | Killed Crazy Yiuf
  2906 | D:3      | Succumbed to Crazy Yiuf's poison

Illustrated notes

Levels and vault maps discovered:
D:1:      nzn_arrival_settlement, layout_basic, st_stairs_3
D:2:      layout_basic, minmay_quantized
D:3:      layout_basic, brannock_xom_greatest_gift, uniq_crazy_yiuf_cottage,
          uniq_ijyb

Skill      XL: |  1  2  3  4  5 |
---------------+----------------+-----
Invocations    | 1 2 |  2.1
Fighting       | 1 |  1.9
Short Blades   | 1 |  1.9
Long Blades    | 1 |  1.9
Axes           | 1 |  1.9
Maces & Flails | 1 |  1.9
Polearms       | 1 |  1.9
Staves         | 1 |  1.9
Ranged Weapons | 1 |  1.9
Throwing       | 1 |  1.9
Shields        | 1 |  1.9
Unarmed Combat | 1 |  1.9
Evocations     | 1 |  1.9
Spellcasting   | 3 |  3.4
Hexes          | 1 |  1.5
Summonings     | 1 |  1.5
Necromancy     | 1 |  1.5
Translocations | 1 |  1.5
Fire Magic     | 1 |  1.5
Air Magic      | 1 |  1.5
Earth Magic    | 1 |  1.5
Alchemy        | 1 |  1.5
Shapeshifting  | 1 |  1.7
Armour         | 3 |  3.2
Conjurations   | 4 |  4.1
Stealth        | 3 |  3.0
Dodging        | |  4.9
Ice Magic      | |  5.6

Action                     |  1- 3 |  4- 6 || total
---------------------------+-------+-------++-------
  Melee: Short sword       |    14 |       ||    14
         Bite              |     6 |     7 ||    13
         Spear             |    21 |     2 ||    23
         Staff             |     3 |       ||     3
         Trident           |       |    62 ||    62
  Throw: Stone             |     4 |     7 ||    11
   Cast: Freeze            |    25 |    17 ||    42
         Ensorcelled Hiber |     7 |     6 ||    13
         Frozen Ramparts   |     2 |     9 ||    11
    Use: Scroll            |       |     3 ||     3
         Potion            |       |     2 ||     2
   Stab: Sleeping          |     7 |     4 ||    11
 Armour: Robe              |    26 |    43 ||    69
  Dodge: Dodged            |    33 |    46 ||    79

Table legend: (Time is in decaauts)
 A = Elapsed time spent in this place.
 B = Non-inter-level travel time spent in this place.
 C = Inter-level travel time spent in this place.
 D = Time resting spent in this place.
 E = Time spent auto-exploring this place.
 F = Levels seen in this place.
 G = Mean time per level.
                   A        B        C        D        E       F      G
               +--------+--------+--------+--------+--------+-----+--------+
         Total |   2938 |   2895 |     43 |    673 |   1606 |   3 |  979.3 |
       Dungeon |   2938 |   2895 |     43 |    673 |   1606 |   3 |  979.3 |
               +--------+--------+--------+--------+--------+-----+--------+

Top non-repeatable levels by time:
     D:3: 1262 daAuts
     D:1: 925 daAuts
     D:2: 750 daAuts
